 Dungeon Crawl Stone Soup version 0.30.1-3-gfc49f6343a (webtiles) character file.

Game seed: 10591878265896219278

436 Eitelfritz the Chiller (level 6, -3/63 HPs)
             Began as a Demonspawn Ice Elementalist on July 23, 2023.
             Slain by Duvessa
             ... wielding a +0 short sword
              (7 damage)
             ... on level 4 of the Dungeon.
             The game lasted 00:12:23 (3924 turns).

Eitelfritz the Chiller (DsIE)                       Turns: 3924, Time: 00:12:23

Health: -3/63      AC:  4    Str:  9    XL:     6   Next: 68%
Magic:  7/12       EV: 12    Int: 24    God:
Gold:   218        SH:  0    Dex: 13    Spells: 6/13 levels left

rFire   . . .        a - +1 dagger (drain)
rCold   . . .        (no shield)
rNeg    + . .        f - +0 robe
rPois   .            (no helmet)
rElec   .            (no cloak)
rCorr   .            (no gloves)
SInv    .            (no boots)
Will    .....        (no amulet) Stlth
                     g - ring of positive energy
HPRegen 0.30/turn    m - +6 ring of intelligence
MPRegen 0.13/turn

%: no passive effects
@: berserking, freezing walls, very quick
A: sharp scales 2, demonic touch 1
a: no special abilities


You were on level 4 of the Dungeon.
You visited 1 branch of the dungeon, and saw 4 of its levels.

You collected 218 gold pieces.

Inventory:

Hand Weapons
 a - a +1 dagger of draining (weapon)
 b - a +3 short sword of draining
 i - a +0 long sword
Missiles
 r - 6 atropa-tipped darts (quivered)
Armour
 f - a +0 robe (worn)
Jewellery
 g - a ring of positive energy (left hand)
 m - a +6 ring of intelligence (right hand)
Scrolls
 d - 2 scrolls of amnesia
 q - a scroll of teleportation
Potions
 e - 7 potions of curing
 j - a potion of flight
 k - a potion of magic
 l - 3 potions of berserk rage
 o - a potion of ambrosia
 s - 2 potions of lignification
 u - a potion of attraction {unknown}
 x - a potion of heal wounds {unknown}


   Skills:
 + Level 0.6 Fighting
 + Level 1.3 Short Blades
 + Level 0.2 Throwing
 + Level 2.2 Dodging
 + Level 2.8 Stealth
 + Level 4.2 Spellcasting
 + Level 5.4 Ice Magic


You had 6 spell levels left.
You knew the following spells:

 Your Spells              Type           Power      Damage    Failure   Level
a - Freeze                Ice            100%       1d10      1%          1
b - Frozen Ramparts       Ice            62%        1d10      3%          3
c - Ozocubu's Armour      Ice            31%        N/A       3%          3

Your spell library contained the following spells:

 Spells                   Type           Power      Damage    Failure   Level
 Beastly Appendage        Tmut           10%        N/A       10%         1
 Wereblood                Tmut           5%         N/A       14%         2
 Spider Form              Tmut/Pois      5%         N/A       28%         3
 Summon Ice Beast         Ice/Summ       18%        N/A       30%         4


Dungeon Overview and Level Annotations

Branches:
Dungeon (4/15)
 Temple: D:4-7

Altars:
Qazlal

Annotations:
D:4 Duvessa


Innate Abilities, Weirdness & Mutations

You are mostly covered in razor-sharp scales. (AC +2, Slay +2)
Your touch may inflict minor irresistible damage on your foes.


Message History

Duvessa is nearby!
Casting: Freeze (safe; 1% risk of failure)
Confirm with . or Enter, or press ? or * to list all spells.
Casting: Frozen Ramparts (dangerous; 3% risk of failure)
Press: ? - help, Dir - look around, f - activate A stone staircase leading up.
The walls around you are covered in ice.
Duvessa resists.
The wall freezes Duvessa.
The wall freezes Duvessa but does no damage.
Duvessa hits you with a +0 short sword!
Casting: Frozen Ramparts (dangerous; 3% risk of failure)
Confirm with . or Enter, or press ? or * to list all spells.
Aiming: Freeze (safe; 1% risk of failure)
Press: ? - help, Shift-Dir - straight line, f - Duvessa
Aim: Duvessa, wielding a +0 short sword and wearing a +1 leather armour of cold resistance (lightly wounded, berserk)
You freeze Duvessa.
Duvessa resists.
Duvessa is lightly wounded.
Duvessa completely resists.
The wall freezes Duvessa but does no damage.
Duvessa hits you with a +0 short sword!
Casting: Freeze (safe; 1% risk of failure)
Confirm with . or Enter, or press ? or * to list all spells.
Aiming: Freeze (safe; 1% risk of failure)
Press: ? - help, Shift-Dir - straight line, f/p - Duvessa
Aim: Duvessa, wielding a +0 short sword and wearing a +1 leather armour of cold resistance (lightly wounded, berserk)
You freeze Duvessa but do no damage.
Duvessa completely resists.
Duvessa resists.
The wall freezes Duvessa.
Duvessa hits you with a +0 short sword!
Duvessa resists.
The wall freezes Duvessa.
Duvessa misses you.
A red film seems to cover your vision as you go berserk!
You feel yourself moving faster!
You feel mighty!
Duvessa completely resists.
The wall freezes Duvessa but does no damage.
Duvessa hits you with a +0 short sword!
* * * LOW HITPOINT WARNING * * *
Unknown command.
You hit Duvessa. You drain Duvessa.
Duvessa is moderately wounded.
The wall freezes Duvessa but does no damage.
Duvessa hits you with a +0 short sword!
You die...

..... ... .. ##....
..## ...#....## ...
...#.....###.##
..............## .
...............###.#
e.# #....##..........
.... #..#....†......
.S... ###)@##.....<....
#..S..#.)..e..#...#.###
#$......#...###.....#
.....$.##>..# #.#....#
$...### ##### ##..#....
### ##..... ##.##


You could see Duvessa (berserk, drained).

Vanquished Creatures
  Sigmund (D:2)
  Blork the orc (D:4)
  Dowan (D:4)
  2 orc wizards (D:2)
  A gnoll (D:3)
  2 adders (D:4)
  3 worms
  4 dart slugs
  5 orcs
  9 ball pythons
  4 bats
  7 endoplasms
  5 giant cockroaches
  6 goblins
  7 hobgoblins
  2 quokkas
  2 frilled lizards
  8 kobolds
  7 rats
77 creatures vanquished.

Notes
Turn   | Place    | Note
-------+----------+-------------------------------------------
     0 | D:1      | Eitelfritz the Demonspawn Ice Elementalist began the quest
                  | for the Orb.
     0 | D:1      | Reached XP level 1. HP: 13/13 MP: 3/3
   355 | D:1      | Gained mutation: You are partially covered in razor-sharp
                  | scales. (AC +1, Slay +1) [demonic ancestry]
   355 | D:1      | Reached XP level 2. HP: 19/19 MP: 5/5
   540 | D:1      | Reached skill level 4 in Ice Magic
  1024 | D:2      | Noticed Sigmund
  1206 | D:2      | Gained mutation: Your touch may inflict minor irresistible
                  | damage on your foes. [demonic ancestry]
  1206 | D:2      | Reached XP level 3. HP: 24/24 MP: 4/6
  1213 | D:2      | Learned a level 3 spell: Frozen Ramparts
  1391 | D:2      | Reached XP level 4. HP: 7/30 MP: 0/8
  1495 | D:2      | Learned a level 3 spell: Ozocubu's Armour
  1587 | D:2      | Killed Sigmund
  1588 | D:2      | Reached skill level 1 in Short Blades
  1588 | D:2      | Reached skill level 5 in Ice Magic
  1588 | D:2      | Gained mutation: You are mostly covered in razor-sharp
                  | scales. (AC +2, Slay +2) [demonic ancestry]
  1588 | D:2      | Reached XP level 5. HP: 4/36 MP: 4/10
  2191 | D:2      | Reached XP level 6. HP: 42/42 MP: 6/11
  2953 | D:3      | Found a stormy altar of Qazlal.
  3804 | D:4      | Noticed Duvessa
  3804 | D:4      | Noticed Dowan
  3815 | D:4      | Killed Dowan
  3860 | D:4      | Noticed Blork the orc
  3868 | D:4      | Killed Blork the orc
  3924 | D:4      | Slain by Duvessa

Illustrated notes

Levels and vault maps discovered:
D:1:      minmay_arrival_open_corners, layout_basic, corexii_corridor_pit
D:2:      minmay_razor_zed, layout_basic, uniq_sigmund
D:3:      minmay_general_purpose_star, layout_basic, general_overflow_altar,
          overflow_temple_1_default
D:4:      layout_cave_pools, mainiacjoe_overflow_alcove_2, minmay_starry_boxes,
          uniq_duvessa, uniq_blork_the_orc, uniq_menkaure

Skill      XL: |  1  2  3  4  5  6 |
---------------+-------------------+-----
Ice Magic      | 4 5 |  5.4
Stealth        | 2 |  2.8
Short Blades   | 1 |  1.3
Dodging        | 2 |  2.2
Spellcasting   | 3 4 |  4.2
Fighting       | |  0.6
Throwing       | |  0.2

Action                     |  1- 3 |  4- 6 || total
---------------------------+-------+-------++-------
  Melee: Dagger            |    20 |    38 ||    58
         Touch             |       |     5 ||     5
  Throw: Dart              |       |     4 ||     4
   Cast: Freeze            |    41 |    25 ||    66
         Frozen Ramparts   |       |    10 ||    10
    Use: Scroll            |       |    13 ||    13
         Potion            |       |     1 ||     1
   Stab: Sleeping          |     3 |     2 ||     5
         Distracted        |     1 |       ||     1
 Armour: Robe              |     7 |    10 ||    17
  Dodge: Dodged            |    26 |    35 ||    61
